[Event "*** SCC Grand Prix: Titled Tuesday Blitz"]
[Site "Chess.com"]
[Date "2020.10.13"]
[Round "2"]
[White "Mr_Sinigami"]
[Black "TC2304"]
[Result "1-0"]
[WhiteElo "2490"]
[BlackElo "2273"]
[TimeControl "180+1"]
[EndTime "10:14:34 PDT"]
[Termination "Mr_Sinigami won by resignation"]

1. d4 Nf6 2. Nf3 c5 3. d5 e6 4. c4 exd5 5. cxd5 d6 6. Nc3 g6 7. g3 Bg7 8. Bg2 O-O 9. O-O Re8 10. Nd2 Nbd7 11. a4 Nh5 12. Nb5 Bf8 13. Nc4 Ne5 14.
Nxe5 Rxe5 15. Na3 f5 16. Nc4 Re8 17. b3 Bg7 18. Ra2 a6 19. a5 Bd7 20. Nxd6 Rf8 21. Nxb7 f4 22. Nxd8 1-0

[Event "*** SCC Grand Prix: Titled Tuesday Blitz"]
[Site "Chess.com"]
[Date "2020.10.13"]
[Round "2"]
[White "TudorAnton"]
[Black "Kaslask"]
[Result "1-0"]
[WhiteElo "2489"]
[BlackElo "2269"]
[TimeControl "180+1"]
[EndTime "10:14:34 PDT"]
[Termination "TudorAnton won by resignation"]

1. c4 c5 2. Nc3 Nc6 3. Nf3 g6 4.
g3 Bg7 5. Bg2 e6 6. O-O Nge7 7.
d4 cxd4 8. Nb5 d5 9. cxd5 Nxd5 10. Nbxd4 Nxd4 11. Nxd4 O-O 12. Nb3 Nb4 13. Bd2 a5 14. Bc3 e5 15. Qxd8 Rxd8 16. Nxa5 Nd5 17. Rfd1 Be6 18. Nxb7 Rdb8 19. Rxd5 Rxb7 20. Rdd1 Rba7 21. Bxa8 Rxa8 22. a4 Bb3 23. a5 Bxd1 24. Rxd1 e4 25. Bxg7 Kxg7 26. b4 Rb8 27. Rb1 Kf6 28. b5 Ke6 29. b6 Kd6 30. a6 Kc6 31. a7 1-0

[Event "*** SCC Grand Prix: Titled Tuesday Blitz"]
[Site "Chess.com"]
[Date "2020.10.13"]
[Round "2"]
[White "Airquake"]
[Black "MisiekZielony"]
[Result "1-0"]
[WhiteElo "2641"]
[BlackElo "2244"]
[TimeControl "180+1"]
[EndTime "10:14:35 PDT"]
[Termination "Airquake won by resignation"]

1. e4 Nf6 2. e5 Nd5 3. d4 d6 4.
exd6 exd6 5. Nf3 Be7 6. Be2 O-O 7.
O-O Bg4 8. h3 Bh5 9. b3 Nc6 10.
Bb2 Nf4 11. Nbd2 Nxe2+ 12. Qxe2 d5 13. Qb5 Rb8 14. c4 a6 15. Qxd5 Qxd5 16. cxd5 Nb4 17. Ne5 Nxd5 18. Nd7 Rfd8 19. Nxb8 Rxb8 20. Nc4 f6 21.
Rac1 Kf7 22. Ne3 Nxe3 23. fxe3 Bd6 24. e4 1-0

[Event "*** SCC Grand Prix: Titled Tuesday Blitz"]
[Site "Chess.com"]
[Date "2020.10.13"]
[Round "2"]
[White "Colombiano07"]
[Black "Triumphmate"]
[Result "0-1"]
[WhiteElo "2241"]
[BlackElo "2458"]
[TimeControl "180+1"]
[EndTime "10:14:35 PDT"]
[Termination "Triumphmate won by resignation"]

1. d4 d5 2. Nc3 e6 3. e4 Nf6 4.
Bg5 Be7 5. e5 Nfd7 6. Bxe7 Qxe7 7. f4 a6 8. Nf3 c5 9. Qd2 Nc6 10. O-O-O cxd4 11. Nxd4 Nc5 12. Kb1 Bd7 13. Be2 O-O-O 14.
Rhe1 Kb8 15. Bf3 Rc8 16. f5 Rhd8 17. g4 Ka8 18. g5 Qf8 19. h4 h6 20. f6 hxg5 21.
hxg5 gxf6 22. gxf6 Na5 23. Qg5 Nc4 24. Qg7 b5 25.
Bh5 b4 26. Nxd5 exd5 27. Qxf7 Qxf7 28. Bxf7 Bg4 29. Rc1 Ne4 30. Bxd5+ Rxd5 31. Rxe4 Nd2+ 0-1

[Event "*** SCC Grand Prix: Titled Tuesday Blitz"]
[Site "Chess.com"]
[Date "2020.10.13"]
[Round "2"]
[White "mfwagnerpeixoto"]
[Black "Thee-Chessboy"]
[Result "0-1"]
[WhiteElo "2228"]
[BlackElo "2447"]
[TimeControl "180+1"]
[EndTime "10:14:35 PDT"]
[Termination "Thee-Chessboy won by resignation"]

1. e4 c5 2. Nf3 d6 3. d4 cxd4 4. Nxd4 Nf6 5. Nc3 a6 6. Bg5 e6 7. f4 Be7 8. Qf3 Qc7 9. O-O-O Nbd7 10. g4 h6 11. Bxf6 Bxf6 12. f5 Ne5 13. Qe2 Bd7 14. h4 O-O-O 15. Bg2 Kb8 16. Kb1 Rc8 17. fxe6 fxe6 18.
Bf1 Qb6 19. Nb3 Nc4 20. Rh3 Qb4 21. Rhd3 Nxb2 22. Kxb2 Bxc3+ 23. Rxc3 Qxc3+ 24. Kb1 Bb5 25. Qh2 Bxf1 26. Rxf1 Rc6 27. Rc1 a5 0-1

[Event "*** SCC Grand Prix: Titled Tuesday Blitz"]
[Site "Chess.com"]
[Date "2020.10.13"]
[Round "2"]
[White "karinachess1"]
[Black "Sankalp_Gupta2003"]
[Result "0-1"]
[WhiteElo "2510"]
[BlackElo "2744"]
[TimeControl "180+1"]
[EndTime "10:14:40 PDT"]
[Termination "Sankalp_Gupta2003 won by checkmate"]

1. e4 c6 2. d4 d5 3. exd5 cxd5 4. Nf3 Nc6 5. Ne5 Nxe5 6. dxe5 e6 7. Bd3 Qc7 8. Qe2 Ne7 9. O-O Ng6 10. Re1 Be7 11. g3 Bd7 12. Nd2 O-O 13. h4 f6 14.
exf6 Rxf6 15. h5 Bc5 16. hxg6 Qxg3+ 17. Kh1 Qh4+ 18. Kg1 Bxf2+ 19. Kg2 Qg3+ 20. Kh1 Qh3# 0-1

[Event "*** SCC Grand Prix: Titled Tuesday Blitz"]
[Site "Chess.com"]
[Date "2020.10.13"]
[Round "2"]
[White "akanga001"]
[Black "Zmeeed63"]
[Result "0-1"]
[WhiteElo "1840"]
[BlackElo "2355"]
[TimeControl "180+1"]
[EndTime "10:14:41 PDT"]
[Termination "Zmeeed63 won by resignation"]

1. d4 d5 2. c4 e6 3. Nc3 c6 4. cxd5 exd5 5. Bf4 Bd6 6. Bg3 Nf6 7. e3 Bf5 8. Bd3 Bxd3 9. Qxd3 O-O 10. Nge2 Re8 11.
O-O-O Na6 12. Kb1 Ng4 13. Rdf1 Nb4 14. Qd1 a5 15. a3 Na6 16. Nf4 Nf6 17. Nd3 b5 18.
Bxd6 Qxd6 19. Ne5 b4 20. axb4 axb4 21. Na4 c5 22. Nd3 c4 23. Ndc5 b3 24. Kc1 Nxc5 25.
dxc5 Qe5 26. Nc3 Ra1+ 27. Nb1 Qf5 28. Kd2 Qd3+ 29. Ke1 Rxb1 0-1

[Event "*** SCC Grand Prix: Titled Tuesday Blitz"]
[Site "Chess.com"]
[Date "2020.10.13"]
[Round "2"]
[White "grzechu96"]
[Black "Nemsko"]
[Result "1-0"]
[WhiteElo "2694"]
[BlackElo "2365"]
[TimeControl "180+1"]
[EndTime "10:14:42 PDT"]
[Termination "grzechu96 won by resignation"]

1. e4 e5 2. Nf3 Nc6 3. Bc4 Bc5 4. O-O Nf6 5. d3 h6 6. c3 O-O 7. h3 a6 8. Re1 Ba7 9. Bb3 d6 10. Nbd2 Be6 11. Nf1 Qd7 12. Bc2 Rfe8 13. Ng3 d5 14. exd5 Bxd5 15. Nh4 Be6 16. Qf3 Rad8 17. Nhf5 Bxf5 18.
Nxf5 Qe6 19. Bxh6 gxh6 20. Qg3+ Ng4 21. Qxg4+ Qg6 22. Qxg6+ fxg6 23. Nxh6+ Kg7 24. Ng4 Rf8 25. Re2 Rde8 26. Rae1 Re7 27. d4 1-0

[Event "*** SCC Grand Prix: Titled Tuesday Blitz"]
[Site "Chess.com"]
[Date "2020.10.13"]
[Round "2"]
[White "Arjun2002"]
[Black "annazero"]
[Result "0-1"]
[WhiteElo "2656"]
[BlackElo "2356"]
[TimeControl "180+1"]
[EndTime "10:14:43 PDT"]
[Termination "annazero won by resignation"]

1. e4 c6 2. d4 d5 3. e5 c5 4. dxc5 e6 5. Nf3 Bxc5 6. Bd3 Ne7 7. O-O Ng6 8. a3 O-O 9. Ng5 Be7 10. Qh5 Bxg5 11. Bxg5 Qb6 12. Nd2 Nc6 13. Nf3 Nd4 14. b4 Nxf3+ 15. gxf3 Qd4 16. f4 h6 17. Bxg6 fxg6 18.
Qxg6 hxg5 19. Rad1 Qxf4 20. Rd3 Qf5 21. Qh5 g4 22.
Qh4 Bd7 23. Rg3 Bb5 24. Ra1 Qxf2+ 25. Kh1 Be2 0-1

[Event "*** SCC Grand Prix: Titled Tuesday Blitz"]
[Site "Chess.com"]
[Date "2020.10.13"]
[Round "2"]
[White "Zhigalko_Sergei"]
[Black "thedjoker98"]
[Result "1-0"]
[WhiteElo "2927"]
[BlackElo "2590"]
[TimeControl "180+1"]
[EndTime "10:14:47 PDT"]
[Termination "Zhigalko_Sergei won by resignation"]

1. e4 e5 2. Nf3 Nc6 3. Bb5 g6 4. O-O Bg7 5. Re1 Nge7 6. c3 a6 7. Ba4 O-O 8. d4 exd4 9. cxd4 b5 10. Bc2 d6 11. h3 Bb7 12. Nc3 Na5 13. Bf4 Rc8 14.
Qe2 Nc4 15. a4 Bc6 16. b3 Na3 17. Rxa3 b4 18. Raa1 bxc3 19. Qxa6 f5 20. Ng5 Qd7 21. d5 fxe4 22. dxc6 Qf5 23. Rxe4 d5 24. Rxe7 Qxf4 25. Rxg7+ 1-0

[Event "*** SCC Grand Prix: Titled Tuesday Blitz"]
[Site "Chess.com"]
[Date "2020.10.13"]
[Round "2"]
[White "GHANDEEVAM2003"]
[Black "Ranindu2003"]
[Result "1-0"]
[WhiteElo "3064"]
[BlackElo "2622"]
[TimeControl "180+1"]
[EndTime "10:14:49 PDT"]
[Termination "GHANDEEVAM2003 won by resignation"]

1. c4 e6 2. Nf3 d5 3. b3 Nf6 4. Bb2 g6 5. g3 Bg7 6. Bg2 O-O 7. O-O b6 8. d4 Bb7 9. Nbd2 Nbd7 10. Qc2 c5 11.
Rac1 Rc8 12. dxc5 bxc5 13. cxd5 exd5 14. e3 Re8 15. Rfd1 Qb6 16. Nb1 c4 17. Bd4 Qa6 18. Qb2 Nh5 19. Bxg7 Nxg7 20. bxc4 Nb6 21. cxd5 Bxd5 22.
Rxc8 Rxc8 23. Nc3 Be6 24. Nd4 Qa5 25. Ne4 Qxa2 26. Qxa2 Bxa2 27. Ra1 Bc4 28. Rxa7 Bd3 29. Nf6+ Kf8 30. Nxh7+ Kg8 31. Nf6+ Kf8 32. h4 Nf5 33. Nxf5 Bxf5 34. g4 Bd3 35. Rb7 Nc4 36. Bd5 Nd6 37. Rd7 Rc1+ 38. Kh2 1-0

[Event "*** SCC Grand Prix: Titled Tuesday Blitz"]
[Site "Chess.com"]
[Date "2020.10.13"]
[Round "2"]
[White "Larina_Marija"]
[Black "Yashasd1995"]
[Result "0-1"]
[WhiteElo "2256"]
[BlackElo "2596"]
[TimeControl "180+1"]
[EndTime "10:14:49 PDT"]
[Termination "Yashasd1995 won by checkmate"]

1. e4 d5 2. exd5 Nf6 3. d4 Nxd5 4. c4 Nb6 5. h3 g6 6. Nf3 Bg7 7. Be3 O-O 8. Be2 Nc6 9. Nc3 e5 10. d5 Ne7 11. Qd2 Nf5 12. Bc5 Re8 13. O-O Nd7 14.
Ba3 e4 15. Nh2 Nf6 16. Ng4 Nxg4 17. Bxg4 e3 18. fxe3 Nxe3 19. Rf2 Bxg4 20. hxg4 Nxg4 21. Rf4 Qh4 22. Rc1 Qh2+ 23. Kf1 Qh1# 0-1

[Event "*** SCC Grand Prix: Titled Tuesday Blitz"]
[Site "Chess.com"]
[Date "2020.10.13"]
[Round "2"]
[White "Shield12"]
[Black "Kavyev_Ruslan"]
[Result "1-0"]
[WhiteElo "2839"]
[BlackElo "2560"]
[TimeControl "180+1"]
[EndTime "10:14:50 PDT"]
[Termination "Shield12 won by resignation"]

1. e4 c5 2. d4 cxd4 3. Nf3 d6 4.
Nxd4 Nf6 5. Nc3 a6 6. Bg5 Nbd7 7.
Bc4 Qb6 8. Bb3 e6 9. Qd2 Be7 10. O-O-O Nc5 11. f3 Qc7 12. a3 Bd7 13. Ba2 O-O 14.
g4 b5 15. h4 Rab8 16. b4 Na4 17. Nxa4 bxa4 18. c3 Rfc8 19. Kb2 a5 20. Rc1 h6 21. Be3 d5 22. g5 Nh5 23. exd5 exd5 24. Bxd5 Ng3 25. Rhd1 hxg5 26. hxg5 Nf5 27. g6 Nd6 28. gxf7+ Kf8 29. Bf4 Rb6 30. Ka2 Qd8 31. Ne6+ Bxe6 32.
Bxe6 Rcb8 33. Qh2 1-0

[Event "*** SCC Grand Prix: Titled Tuesday Blitz"]
[Site "Chess.com"]
[Date "2020.10.13"]
[Round "2"]
[White "AurumO"]
[Black "manitodeplomo"]
[Result "1/2-1/2"]
[WhiteElo "1928"]
[BlackElo "2624"]
[TimeControl "180+1"]
[EndTime "10:14:51 PDT"]
[Termination "Game drawn by repetition"]

1. e4 g6 2. d4 Bg7 3. c3 d5 4. Bd3 dxe4 5. Bxe4 Nf6 6. Bc2 O-O 7. Nf3 c5 8. O-O cxd4 9. Nxd4 e5 10. Nf3 Nc6 11. h3 b6 12. Bg5 Bb7 13. Qe2 h6 14. Bxf6 Qxf6 15. Nbd2 Rad8 16. Ne4 Qe7 17. Bb3 Na5 18.
Bc2 f5 19. Ned2 e4 20. Nd4 Bxd4 21. cxd4 Rxd4 22. Nb3 Nxb3 23. Bxb3+ Kg7 24. Rad1 Rfd8 25. Rxd4 Rxd4 26. Rd1 Qd6 27. Rxd4 Qxd4 28. Qc2 Qc5 29. Qd2 Bc6 30. Qd8 Qc1+ 31. Kh2 Qf4+ 32. Kg1 Qc1+ 33. Kh2 Qf4+ 34. Kg1 Qc1+ 1/2-1/2

[Event "*** SCC Grand Prix: Titled Tuesday Blitz"]
[Site "Chess.com"]
[Date "2020.10.13"]
[Round "2"]
[White "davigator"]
[Black "Bulldog167"]
[Result "0-1"]
[WhiteElo "2345"]
[BlackElo "2746"]
[TimeControl "180+1"]
[EndTime "10:14:56 PDT"]
[Termination "Bulldog167 won by checkmate"]

1. e4 c6 2. d4 d5 3. e5 Bf5 4.
h4 h6 5. g4 Bd7 6. c3 Qc8 7. Be2 e6 8. f4 h5 9. gxh5 Nh6 10.
Nf3 c5 11. Be3 Nf5 12. Bf2 cxd4 13. Nxd4 Nxd4 14. Bxd4 Nc6 15. Bf2 Qc7 16. Nd2 O-O-O 17. Nb3 Kb8 18. Nd4 Nxd4 19. Qxd4 b6 20. b4 Rc8 21. Kd2 f6 22. a4 fxe5 23. fxe5 Be7 24. a5 b5 25. a6 Rhf8 26. Be3 Rf5 27. Rag1 Rxe5 28. Bf4 Bd6 29. Bxe5 Bxe5 30. Qd3 Bxc3+ 31. Kd1 Bd4 32. Ke1 Qf4 33. Rg2 Bc3+ 34. Kd1 Bxb4 35. Qb1 Qd2# 0-1

[Event "*** SCC Grand Prix: Titled Tuesday Blitz"]
[Site "Chess.com"]
[Date "2020.10.13"]
[Round "2"]
[White "tan275"]
[Black "IANOV0007"]
[Result "1/2-1/2"]
[WhiteElo "2238"]
[BlackElo "2441"]
[TimeControl "180+1"]
[EndTime "10:14:56 PDT"]
[Termination "Game drawn by repetition"]

1. d4 d6 2. c4 g6 3. Nf3 Bg7 4. g3 Nf6 5. Bg2 O-O 6. Nc3 c6 7. O-O Bf5 8. Ne1 Qc8 9. Nd3 Bh3 10. e4 Bxg2 11. Kxg2 Nbd7 12. h3 Nb6 13. e5 dxe5 14. dxe5 Ne8 15. b3 Nc7 16. Ba3 Re8 17. Ne4 Qf5 18.
Qe2 Rad8 19. Rad1 Ne6 20. Bb2 Nd4 21. Qe3 Nc2 22. Qe2 Nd4 23. Qe3 Nc2 24. Qe2 Nd4 1/2-1/2

[Event "*** SCC Grand Prix: Titled Tuesday Blitz"]
[Site "Chess.com"]
[Date "2020.10.13"]
[Round "2"]
[White "Akmal_Fayzullaev"]
[Black "Juanovic"]
[Result "1-0"]
[WhiteElo "2390"]
[BlackElo "2116"]
[TimeControl "180+1"]
[EndTime "10:14:56 PDT"]
[Termination "Akmal_Fayzullaev won by resignation"]

1. d4 d5 2. c4 c6 3. Nc3 Nf6 4. cxd5 cxd5 5. Bf4 a6 6. e3 Nc6 7.
Be2 g6 8. Rc1 Bg7 9. Nf3 O-O 10.
O-O h6 11. h3 Be6 12. Na4 Nd7 13. a3 Rc8 14. b4 b5 15. Nc5 Nxc5 16. Rxc5 Qb6 17.
Qb3 Rfd8 18. Rfc1 Na7 19. Bc7 Rxc7 20. Rxc7 Rc8 21. Rxc8+ Nxc8 22. a4 Nd6 23. axb5 axb5 24. Rc5 Nc4 25. Qa2 Qb7 26. Nd2 Kh7 27. Bf3 f6 28. Nxc4 bxc4 29. Qxc4 Qa7 30. Bxd5 Bf5 31. Rc7 1-0

[Event "*** SCC Grand Prix: Titled Tuesday Blitz"]
[Site "Chess.com"]
[Date "2020.10.13"]
[Round "2"]
[White "Sueetin"]
[Black "Omk124"]
[Result "0-1"]
[WhiteElo "2257"]
[BlackElo "2479"]
[TimeControl "180+1"]
[EndTime "10:14:59 PDT"]
[Termination "Omk124 won by resignation"]

1. d4 Nf6 2. c4 g6 3. Nc3 Bg7 4.
Nf3 O-O 5. Bg5 d6 6. e3 Nbd7 7.
Be2 h6 8. Bh4 c5 9. d5 a6 10.
Nd2 Rb8 11. a4 Qb6 12. Qc2 Ne5 13. O-O Qb4 14. h3 b5 15. axb5 axb5 16. Nxb5 Rxb5 17. cxb5 Qxh4 18. f4 Ned7 19. Bf3 Nb6 20. Qd3 Bb7 21. Ra7 Bxd5 22. e4 Be6 23. Rxe7 Qxf4 24. Rb7 Nfd7 25. Kh1 Be5 26. Kg1 Qh2+ 27. Kf2 Bxh3 28. Rg1 Bd4+ 29. Kf1 Qxg1+ 30. Ke2 Bxg2 0-1

[Event "*** SCC Grand Prix: Titled Tuesday Blitz"]
[Site "Chess.com"]
[Date "2020.10.13"]
[Round "2"]
[White "Skatchkov_V"]
[Black "exoticprincess"]
[Result "0-1"]
[WhiteElo "2571"]
[BlackElo "2876"]
[TimeControl "180+1"]
[EndTime "10:15:00 PDT"]
[Termination "exoticprincess won by resignation"]

1. d4 d5 2. c4 c6 3. Nf3 Nf6 4. Nc3 dxc4 5. a4 a5 6. Ne5 Ng4 7. Nxc4 e5 8. e3 exd4 9. exd4 Bb4 10.
Be2 Nf6 11. O-O h6 12. Bf4 Be6 13. Qd3 O-O 14. Qg3 Bxc4 15. Bxh6 Ne8 16. Bxc4 Qxd4 17. Bb3 Bd6 18. Qe3 Qh4 19. Bxf7+ Kxf7 0-1

[Event "*** SCC Grand Prix: Titled Tuesday Blitz"]
[Site "Chess.com"]
[Date "2020.10.13"]
[Round "2"]
[White "MarceloPlaya"]
[Black "GM_LOADING"]
[Result "1-0"]
[WhiteElo "2274"]
[BlackElo "2465"]
[TimeControl "180+1"]
[EndTime "10:15:04 PDT"]
[Termination "MarceloPlaya won by resignation"]

1. e4 e6 2. d4 d5 3. Nc3 Nf6 4.
Bd3 dxe4 5. Nxe4 Nc6 6. Nf3 Be7 7. Bf4 O-O 8. c3 b6 9. Qc2 g6 10. O-O-O Bb7 11. h4 Qd5 12. Nxf6+ Bxf6 13. Kb1 h5 14. Be4 Qd7 15. g4 hxg4 16. Ng5 Na5 17. h5 Bxe4 18. Nxe4 Qd5 1-0

[Event "*** SCC Grand Prix: Titled Tuesday Blitz"]
[Site "Chess.com"]
[Date "2020.10.13"]
[Round "2"]
[White "ChainsOfFantasia"]
[Black "HanSchut"]
[Result "1-0"]
[WhiteElo "2459"]
[BlackElo "2243"]
[TimeControl "180+1"]
[EndTime "10:15:04 PDT"]
[Termination "ChainsOfFantasia won by resignation"]

1. c4 Nf6 2. Nc3 d5 3. cxd5 Nxd5 4. e4 Nxc3 5. bxc3 g6 6. h4 c5 7. h5 Bg7 8. Bc4 O-O 9. Qf3 Nc6 10. hxg6 hxg6 11. Qg3 e6 12. Qh3 Re8 13. d4 f5 14.
Qh7+ Kf7 15. Bh6 Rg8 16. Nf3 cxd4 17. Ng5+ Kf8 18. Qxg6 Qf6 19. Qxf6+ 1-0

[Event "*** SCC Grand Prix: Titled Tuesday Blitz"]
[Site "Chess.com"]
[Date "2020.10.13"]
[Round "2"]
[White "swimmerchess"]
[Black "AIROPITO7"]
[Result "1/2-1/2"]
[WhiteElo "2770"]
[BlackElo "2534"]
[TimeControl "180+1"]
[EndTime "10:15:08 PDT"]
[Termination "Game drawn by repetition"]

1. e4 e5 2. Nf3 Nc6 3. Bb5 a6 4. Ba4 Bc5 5. O-O Nf6 6. c3 Ba7 7. Re1 O-O 8. d4 d6 9. Bg5 b5 10. Bb3 Bb7 11. Nbd2 h6 12. Be3 Ng4 13. Nf1 Nxe3 14.
Nxe3 a5 15. Bd5 Rb8 16. Nf5 Ne7 17. Bxb7 Rxb7 18. N3h4 Nxf5 19. Nxf5 Kh7 20. Qh5 Qf6 21. Re3 exd4 22. Rg3 Rg8 23. Rf3 dxc3 24. bxc3 b4 25. Nxh6 Qxh6 26. Qxf7 bxc3 27. Rh3 Qxh3 28. gxh3 Rgb8 29.
Rc1 Rb1 30. Qf5+ Kh8 31. Qh5+ Kg8 32. Qd5+ Kh7 33. Qh5+ Kg8 34. Qd5+ Kh7 35. Qh5+ Kg8 1/2-1/2

[Event "*** SCC Grand Prix: Titled Tuesday Blitz"]
[Site "Chess.com"]
[Date "2020.10.13"]
[Round "2"]
[White "Alexander_Moskalenko"]
[Black "TotsukaBlade"]
[Result "1-0"]
[WhiteElo "2818"]
[BlackElo "2427"]
[TimeControl "180+1"]
[EndTime "10:15:11 PDT"]
[Termination "Alexander_Moskalenko won by resignation"]

1. e4 e5 2. Nf3 Nc6 3. Bb5 a6 4. Bxc6 dxc6 5. Nc3 Bd6 6. d4 Qe7 7. dxe5 Bxe5 8. Nxe5 Qxe5 9. Be3 Nf6 10. Qd4 Qxd4 11.
Bxd4 Be6 12. Bxf6 gxf6 13. f3 O-O-O 14. Rd1 f5 15. e5 Rhg8 16. Kf2 Rd7 17. Rxd7 Kxd7 18.
g3 Ke7 19. Rd1 f6 20. exf6+ Kxf6 21. a3 Re8 22. Ne2 Re7 23. Nf4 Rd7 24. Rxd7 Bxd7 25. Ke3 Ke5 26. Nd3+ Kf6 27. Kf4 b6 28. Ne5 Be8 29.
h4 c5 30. Nc4 Bc6 31. Ne3 Bb7 32. Nxf5 Bxf3 33. Kxf3 Kxf5 34. g4+ Ke5 35. Ke3 b5 36. c3 a5 37. Kf3 c6 38. g5 Kf5 39.
Kg3 c4 40. Kf3 c5 41. Kg3 b4 42. a4 bxc3 43. bxc3 Ke4 44. h5 Kd3 45. g6 Kxc3 46.
gxh7 Kb3 47. h8=Q c3 48. h6 c2 49. Qa1 1-0

[Event "*** SCC Grand Prix: Titled Tuesday Blitz"]
[Site "Chess.com"]
[Date "2020.10.13"]
[Round "2"]
[White "SamuelGhimpu2003"]
[Black "TigrVShlyape"]
[Result "0-1"]
[WhiteElo "2559"]
[BlackElo "2839"]
[TimeControl "180+1"]
[EndTime "10:15:15 PDT"]
[Termination "TigrVShlyape won by resignation"]

1. d4 Nf6 2. c4 g6 3. Nc3 Bg7 4. Nf3 d6 5. g3 O-O 6. Bg2 Nc6 7. O-O a5 8. Re1 e5 9. d5 Nb8 10. e4 Nbd7 11. h3 Nc5 12. Be3 Ncxe4 13. Na4 b6 14. a3 Bd7 15. Qc2 Nc5 16. Nxc5 bxc5 17. Bd2 a4 18. Bc3 Nh5 19. h4 h6 20. Qe2 f5 21.
Nd2 e4 22. Bxg7 Kxg7 23. Nf1 Qf6 24. Rab1 Rab8 25. Qc2 Rb6 26. Nd2 Rfb8 0-1

[Event "*** SCC Grand Prix: Titled Tuesday Blitz"]
[Site "Chess.com"]
[Date "2020.10.13"]
[Round "2"]
[White "Aleksey_Sorokin"]
[Black "AleksanderHnydiuk"]
[Result "1/2-1/2"]
[WhiteElo "2820"]
[BlackElo "2559"]
[TimeControl "180+1"]
[EndTime "10:15:16 PDT"]
[Termination "Game drawn by repetition"]

1. d4 Nf6 2. c4 g6 3. Nc3 d5 4. cxd5 Nxd5 5. e4 Nxc3 6. bxc3 Bg7 7. Nf3 c5 8. Be3 O-O 9. Be2 Nc6 10. O-O Bg4 11. d5 Bxf3 12. Bxf3 Ne5 13. Bxc5 Rc8 14. Bd4 f5 15. exf5 Nxf3+ 16. Qxf3 Bxd4 17.
cxd4 Rxf5 18. Qe4 Rxd5 19. Rad1 Rc4 20. Rfe1 e5 21. h4 Rcxd4 22. Rxd4 exd4 23. Qe6+ Kf8 24. Re4 d3 25. Rf4+ Rf5 26. Rxf5+ gxf5 27. Qxf5+ Kg7 28.
Qe5+ Kf7 29. Qf4+ Kg8 30. Qg3+ Kh8 31. Qe5+ Kg8 32. Qe6+ Kh8 33. Qe5+ Kg8 34. Qg3+ Kh8 35. Qe5+ 1/2-1/2

[Event "*** SCC Grand Prix: Titled Tuesday Blitz"]
[Site "Chess.com"]
[Date "2020.10.13"]
[Round "2"]
[White "Shubinkirill2003"]
[Black "Manukyan_Artak"]
[Result "1-0"]
[WhiteElo "2658"]
[BlackElo "2316"]
[TimeControl "180+1"]
[EndTime "10:15:17 PDT"]
[Termination "Shubinkirill2003 won by resignation"]

1. e4 c6 2. d4 d5 3. exd5 cxd5 4. Bd3 Nc6 5. c3 e5 6. dxe5 Nxe5 7. Nf3 Nxd3+ 8. Qxd3 Nf6 9. O-O Be7 10. Nbd2 O-O 11. Nb3 h6 12. Bf4 Bg4 13. Ne5 Be6 14. Rad1 Qb6 15. Rfe1 a5 16. Qd4 Qb5 17. Qd3 Qb6 18.
Nd4 Rfe8 19. Nxe6 fxe6 20. Qg6 Bc5 21. Qf7+ Kh7 22. Bxh6 Bxf2+ 23. Kh1 Nh5 24. Qxh5 Bxe1 25. Qg6+ 1-0

[Event "*** SCC Grand Prix: Titled Tuesday Blitz"]
[Site "Chess.com"]
[Date "2020.10.13"]
[Round "2"]
[White "MathiasWomacka"]
[Black "CrazyMartian"]
[Result "1-0"]
[WhiteElo "2506"]
[BlackElo "2295"]
[TimeControl "180+1"]
[EndTime "10:15:17 PDT"]
[Termination "MathiasWomacka won by resignation"]

1. e4 c5 2. Nf3 d6 3. d4 cxd4 4. Nxd4 Nf6 5. Nc3 a6 6. Be2 e5 7. Nb3 Be7 8. O-O Be6 9. f4 Qc7 10. Kh1 Nbd7 11. g4 h6 12. g5 hxg5 13. fxg5 Nh7 14.
Bg4 Nxg5 15. Bxg5 Bxg5 16. Bxe6 fxe6 17. Qg4 Bf4 18. Qxe6+ Kd8 19. Rf2 Re8 20. Qg6 Nf6 21.
Rd1 Ke7 22. Qxg7+ 1-0

[Event "*** SCC Grand Prix: Titled Tuesday Blitz"]
[Site "Chess.com"]
[Date "2020.10.13"]
[Round "2"]
[White "Denis_Makhnyov"]
[Black "MVM2008"]
[Result "1-0"]
[WhiteElo "2883"]
[BlackElo "2167"]
[TimeControl "180+1"]
[EndTime "10:15:18 PDT"]
[Termination "Denis_Makhnyov won on time"]

1. d4 Nf6 2. c4 g6 3. g3 c5 4. d5 Bg7 5. Nc3 O-O 6. Bg2 d6 7. Nf3 Bg4 8. O-O Bxf3 9. exf3 Nbd7 10.
f4 a6 11. a4 Rb8 12. Re1 Re8 13. Qd3 Qa5 14. Bd2 Qb6 15. a5 Qc7 16. Qc2 Kh8 17. Re2 Nf8 18. Bf3 N6d7 19. Kg2 Nf6 20. Na4 N6d7 21. Rae1 b5 22. axb6 Qd8 23. Ba5 Rb7 24. b4 cxb4 25. c5 dxc5 26. d6 Nxb6 27. Nxb6 Rxb6 28. dxe7 Qd6 29. exf8=Q+ Rxf8 30. Bxb6 Qxb6 31.
Bd5 a5 32. Re8 a4 33. Qxa4 c4 34. Rxf8+ Bxf8 35. Qe8 Kg7 36. Qxf7+ Kh6 37. Qxf8+ 1-0

[Event "*** SCC Grand Prix: Titled Tuesday Blitz"]
[Site "Chess.com"]
[Date "2020.10.13"]
[Round "2"]
[White "mitrabhaa"]
[Black "Al_Shima"]
[Result "1-0"]
[WhiteElo "2675"]
[BlackElo "2349"]
[TimeControl "180+1"]
[EndTime "10:15:22 PDT"]
[Termination "mitrabhaa won by resignation"]

1. Nf3 Nf6 2. c4 c6 3. e3 d5 4. d4 g6 5. Nc3 Bg7 6. h3 O-O 7. Be2 a6 8. a4 Ne4 9. O-O Nxc3 10. bxc3 dxc4 11. Bxc4 Nd7 12. a5 e5 13. Ba3 Re8 14. Qb3 Qf6 15. Rfd1 e4 16. Nd2 Nf8 17. Rab1 Qg5 18. Bxf7+ Kh8 19. Bxe8 Bxh3 20. g3 Rxe8 21. Qf7 Rb8 22. Nxe4 Qxa5 23. Bd6 Be6 24. Qf4 Re8 25.
Rxb7 Bf5 26. Ng5 Kg8 27. g4 h6 28. gxf5 hxg5 29. Qxg5 Qd5 30. Bxf8 Kxf8 31. Qxg6 1-0

[Event "*** SCC Grand Prix: Titled Tuesday Blitz"]
[Site "Chess.com"]
[Date "2020.10.13"]
[Round "2"]
[White "Eliwood44"]
[Black "parintele_chess"]
[Result "1-0"]
[WhiteElo "2392"]
[BlackElo "2130"]
[TimeControl "180+1"]
[EndTime "10:15:22 PDT"]
[Termination "Eliwood44 won by resignation"]

1. d4 Nf6 2. Nf3 d5 3. c4 e6 4. Nc3 Bb4 5. cxd5 exd5 6. Bg5 h6 7. Bxf6 Qxf6 8. Qa4+ Nc6 9. e3 O-O 10. Be2 Bxc3+ 11. bxc3 Bf5 12. O-O Be4 13. Rfc1 Ne7 14. c4 c6 15. Ne5 Ng6 16. Nd7 Qg5 17. g3 Rfd8 18. Nc5 b6 19. Nxe4 dxe4 20. Qxc6 f5 21. Bf1 Nh4 22. Bg2 Nxg2 23. Kxg2 Qg4 24. c5 Qf3+ 25. Kg1 bxc5 26. Rxc5 Rab8 27. Qe6+ Kh8 28.
Rxf5 Qe2 29. Qxe4 Rb2 30. Qf3 Qd2 31. Rf8+ Rxf8 32. Qxf8+ Kh7 33. Qf5+ Kg8 34. h4 Rxa2 35.
Qe6+ 1-0

[Event "*** SCC Grand Prix: Titled Tuesday Blitz"]
[Site "Chess.com"]
[Date "2020.10.13"]
[Round "2"]
[White "HrvojeZagreb"]
[Black "swayamsm"]
[Result "0-1"]
[WhiteElo "2151"]
[BlackElo "2636"]
[TimeControl "180+1"]
[EndTime "10:15:25 PDT"]
[Termination "swayamsm won by checkmate"]

1. d4 e6 2. Bf4 b6 3. Nc3 Bb7 4. e4 Bb4 5. Qd3 Nf6 6. f3 c5 7. Ne2 Ba6 8. Qd2 O-O 9. a3 cxd4 10. axb4 dxc3 11. bxc3 d5 12. Bxb8 Bxe2 13. Bxe2 Qxb8 14. Qd4 dxe4 15. fxe4 Rd8 16. Qe3 Qe5 17. O-O Rd7 18.
Qxb6 Qxc3 19. Qb5 h6 20. e5 Rd5 21. Qb7 Rad8 22. exf6 Qe3+ 23. Rf2 Rf5 24. Qxa7 Rd1+ 25.
Bxd1 Qe1+ 26. Rf1 Qxf1# 0-1